 Dungeon Crawl Stone Soup version 0.29.0-4-gdea44cf6ec (webtiles) character file.

Game seed: 1122888635345656456

66 qw the Chopper (level 4, -5/26 HPs)
             Began as a Tengu Warper on Aug 28, 2022.
             Killed from afar by Sigmund (17 damage)
             ... with a bolt of dispelling energy
             ... on level 3 of the Dungeon.
             The game lasted 00:00:12 (2208 turns).

qw the Chopper (Tengu Warper)                       Turns: 2208, Time: 00:00:13

Health: -5/26      AC:  3    Str: 13    XL:     4   Next: 15%
Magic:  8/8        EV: 12    Int: 14    God:
Gold:   73         SH:  5    Dex: 13    Spells: 7/7 levels left

rFire   . . .      SeeInvis +   Y - +0 hand axe
rCold   . . .      Faith    .   (no shield)
rNeg    . . .      Spirit   .   b - +0 leather armour
rPois   .          Reflect  +   (helmet restricted)
rElec   .          Harm     .   (no cloak)
rCorr   .          Rampage  .   (no gloves)
Will    .....                   (boots unavailable)
Stlth   +.........              g - amulet of reflection
HPRegen 0.08/turn               i - ring of see invisible
MPRegen 0.11/turn               (no ring)

@: no status effects
A: beak, talons 3
a: no special abilities


You were on level 3 of the Dungeon.
You visited 1 branch of the dungeon, and saw 3 of its levels.

You collected 73 gold pieces.


Innate Abilities, Weirdness & Mutations

You have a beak for a mouth.
You have claws for feet.


   Skills:
 - Level 2.0 Fighting
 + Level 4.7 Axes
 - Level 1.0 Throwing
 - Level 1.1 Armour
 - Level 2.1 Dodging
 - Level 2.0 Spellcasting
 - Level 2.4 Translocations


You had 7 spell levels left.
You didn't know any spells.
Your spell library contained the following spells:

 Spells                   Type           Power      Damage    Failure   Level
 Blink                    Tloc           16%        N/A       17%         2
 Gell's Gravitas          Tloc           8%         N/A       34%         3
 Lesser Beckoning         Tloc           8%         N/A       34%         3
 Teleport Other           Tloc           8%         N/A       34%         3
 Manifold Assault         Tloc           8%         N/A       97%         5

Inventory:

Hand Weapons
 e - a +0 club
 Y - a +0 hand axe (weapon)
Armour
 b - a +0 leather armour (worn)
 d - a +0 ring mail
Jewellery
 g - an amulet of reflection (around neck)
 i - a ring of see invisible (left hand)
Scrolls
 a - a scroll of identify
Potions
 c - a potion of resistance {unknown}
 f - a potion of curing
 h - a potion of heal wounds {unknown}
 j - a potion of mutation {unknown}

Dungeon Overview and Level Annotations

Branches:
Dungeon (3/15)

Altars:
Ashenzari

Annotations:
D:3 Sigmund


Message History

Enter note: You hit the rat.
You kill the rat!
Sigmund the Dreaded comes into view.
He is wielding a +0 scythe and carrying a wand of quicksilver (13).
Sigmund shouts!
Sigmund drinks a potion.
Sigmund's spells are empowered!
You see here an amethyst potion.
2196 ||| Stepping ~*~*~tactically~*~*~ (hiding).
You start waiting.
Sigmund is nearby!
2198 ||| Stepping ~*~*~tactically~*~*~ (hiding).
You start waiting.
Sigmund is nearby!
Sigmund hits you from afar with a +0 scythe!
Sigmund points at you and mumbles some strange words.
You struggle to resist.
You hit Sigmund.
Sigmund is lightly wounded.
Sigmund mumbles some strange words.
Sigmund flickers and vanishes for a moment.
You hit Sigmund.
Sigmund is lightly wounded.
Sigmund hits you with a +0 scythe.
You hit Sigmund.
Sigmund is moderately wounded.
You hit Sigmund. Your peck misses Sigmund.
Sigmund is moderately wounded.
Sigmund hits you with a +0 scythe.
You closely miss Sigmund.
Sigmund is moderately wounded.
Sigmund zaps a wand.
The bolt of dispelling energy misses you.
You hit Sigmund. You claw Sigmund.
Sigmund is severely wounded.
Sigmund barely misses you.
You slash Sigmund! You claw Sigmund, but do no damage.
Your peck misses Sigmund.
Sigmund is almost dead.
Sigmund zaps a wand.
The bolt of dispelling energy hits you!
Ouch! That really hurt!
You die...

###.# ....# #. ..# .##.#
#.#. ..## .##.# #... ....
....# #..######..###
....# #..#.. ......
....#####..#.###.#.#
........#..#.##.@..######
...####.#......#@#.#.....
...# #%#...#........#
...####%#.#....#!#.###
#.........##.##.%..#
...#...............#
.#.##.#..###.##........
##.##.#..###.##.######.
#.##.#......##.#
#.......######.#


You could see Sigmund (empowered, invisible).

Vanquished Creatures
  An adder (D:2)
  A dart slug (D:3)
  3 endoplasms
  2 giant cockroaches (D:2)
  6 goblins
  3 hobgoblins
  4 jackals (D:1)
  7 kobolds
  3 quokkas
  5 ball pythons
  3 bats
  5 frilled lizards
  11 rats
54 creatures vanquished.

Vanquished Creatures (others)
  4 fungi (D:3)
  2 plants (D:3)
6 creatures vanquished.

Grand Total: 60 creatures vanquished

Notes
Turn   | Place    | Note
-------+----------+-------------------------------------------
     0 | D:1      | qw the Tengu Warper began the quest for the Orb.
     0 | D:1      | Reached XP level 1. HP: 12/12 MP: 4/4
     0 | D:1      | 0 ||| qw: Version: 0.1-a-89-g26bdef1
     0 | D:1      | 0 ||| qw: Game counter: 1631
     0 | D:1      | 0 ||| qw: Always use a shield: true
     0 | D:1      | 0 ||| qw: God list: Okawaru
     0 | D:1      | 0 ||| qw: Allow faded altars: false
     0 | D:1      | 0 ||| qw: Do Orc after D:15 true
     0 | D:1      | 0 ||| qw: Do second Lair branch before Depths: true
     0 | D:1      | 0 ||| qw: Lair rune preference: random
     0 | D:1      | 0 ||| qw: Plans: Normal
     0 | D:1      | 0 ||| PLANNING D:1-11
   137 | D:1      | Reached XP level 2. HP: 17/17 MP: 6/6
   137 | D:1      | 137 ||| Stepping ~*~*~tactically~*~*~ (stealth).
   143 | D:1      | 143 ||| Stepping ~*~*~tactically~*~*~ (stealth).
   145 | D:1      | Reached skill level 3 in Axes
   602 | D:1      | 602 ||| Stepping ~*~*~tactically~*~*~ (stealth).
   774 | D:1      | Reached XP level 3. HP: 17/21 MP: 7/7
  1134 | D:1      | Reached skill level 4 in Axes
  1202 | D:1      | 1202 ||| UPGRADING to ring of see invisible.
  1203 | D:1      | 1203 ||| READING 3 scrolls labelled LOHASM ZATU.
  1204 | D:1      | 1204 ||| READING scroll labelled BYIVVUQAIN.
  1205 | D:1      | 1205 ||| READING 2 scrolls of identify.
  1205 | D:1      | 1205 ||| IDENTIFYING clear potion
  1206 | D:1      | 1206 ||| DROPPING scroll of blinking.
  1697 | D:2      | Found a broken altar of Ashenzari.
  1941 | D:2      | Reached XP level 4. HP: 24/26 MP: 8/8
  2006 | D:2      | 2006 ||| UPGRADING to amulet of reflection.
  2011 | D:2      | 2011 ||| READING scroll labelled UQEKIU HOIPAU.
  2121 | D:3      | 2121 ||| Stepping ~*~*~tactically~*~*~ (hiding).
  2195 | D:3      | Noticed Sigmund
  2196 | D:3      | 2196 ||| Stepping ~*~*~tactically~*~*~ (hiding).
  2198 | D:3      | 2198 ||| Stepping ~*~*~tactically~*~*~ (hiding).
  2208 | D:3      | Killed from afar by Sigmund

Levels and vault maps discovered:
D:1:      scummos_arrival_simple_fountains, layout_loops_corners,
          serial_park_tiny_2
D:2:      layout_loops_cross, basic_altar, hangedman_decor_points,
          serial_park_tiny_2
D:3:      layout_loops_ring, nicolae_kikubaaqudgha_miasma_corner,
          dreamdust_ecumenical_altar_grove, nicolae_elevator_lobby_asterisk,
          uniq_sigmund, uniq_grinder

Skill      XL: |  1  2  3 |
---------------+----------+-----
Axes           | 3 4 |  4.7
Fighting       | |  2.0
Throwing       | |  1.0
Armour         | |  1.1
Dodging        | |  2.1
Spellcasting   | |  2.0
Translocations | |  2.4

Action                   |  1- 3 |  4- 6 || total
-------------------------+-------+-------++-------
Melee: Hand axe          |    96 |    16 ||   112
       Peck              |    12 |       ||    12
       Kick              |    19 |     6 ||    25
Throw: Boomerang         |     7 |       ||     7
  Use: Scroll            |     3 |     1 ||     4
 Stab: Sleeping          |     1 |       ||     1
Armor: Leather armour    |    29 |       ||    29
Dodge: Dodged            |    53 |     4 ||    57

Table legend:
 A = Non-vault XP
 B = Vault XP
 C = Vault XP percentage of total XP
 D = Non-vault monster count
 E = Vault monster count
 F = Vault count percentage of total count
                 A         B        C        D         E       F
            +---------+---------+-------+---------+---------+-------
      Total |      95 |       0 |   0.0 |      54 |       0 |   0.0
            +---------+---------+-------+---------+---------+-------
        D:1 |      45 |       0 |   0.0 |      31 |       0 |   0.0
        D:2 |      39 |       0 |   0.0 |      18 |       0 |   0.0
        D:3 |      11 |       0 |   0.0 |       5 |       0 |   0.0
            +---------+---------+-------+---------+---------+-------
